 Dungeon Crawl Stone Soup version 0.31.0-7-gf635a9b802 (webtiles) character file.

Game seed: 12037317158646193003

2020 solopath the Grappler (level 9, -17/84 HPs)
             Began as a Troll Fighter on Jan 23, 2024.
             Killed from afar by Maggie (24 damage)
             ... with a bolt of fire
             ... on level 5 of the Dungeon.
             The game lasted 00:08:10 (3499 turns).

solopath the Grappler (Troll Fighter)               Turns: 3499, Time: 00:08:10

Health: -17/84     AC:  6    Str: 30    XL:     9   Next: 3%
Magic:  8/8        EV:  9    Int:  5    God:
Gold:   290        SH:  9    Dex: 10    Spells: 8/8 levels left

rFire   . .          .
                       - Unarmed
rCold   . . .        b - +0 kite shield
rNeg    . . .        a - +0 robe
rPois   .            (helmet restricted)
rElec   .            (no cloak)
rCorr   .            (gloves unavailable)
SInv    .            (boots unavailable)
Will    .....        (no amulet)
Stlth   +            (no ring)
HPRegen 1.14/turn    (no ring)
MPRegen 0.11/turn

%: no passive effects
@: mighty, lethally poisoned (-17 -> -17), mesmerised
A: large, unfitting armour, claws 3, regeneration 1, shaggy fur 1, tough skin 1,
iridescent scales 1, strong 1
a: no special abilities


You were on level 5 of the Dungeon.
You visited 1 branch of the dungeon, and saw 6 of its levels.
You also visited: Ossuary.

You collected 290 gold pieces.

Inventory:

Missiles
 m - 7 poisoned darts (quivered)
Armour
 a - a +0 robe (worn)
 b - a +0 kite shield (worn)
Jewellery
 o - a ring of wizardry
 q - a ring of wizardry
Scrolls
 d - 6 scrolls of teleportation
 e - a scroll of enchant armour
 f - a scroll of blinking
 g - a scroll of enchant weapon {unknown}
 i - a scroll of immolation
 n - 2 scrolls of vulnerability
 u - a scroll of fog
Potions
 h - 2 potions of enlightenment {unknown}
 j - a potion of brilliance {unknown}
 k - a potion of cancellation {unknown}
 l - a potion of invisibility {unknown}
 p - 2 potions of heal wounds
 r - a potion of degeneration {unknown}
 s - a potion of resistance {unknown}
 t - a potion of haste
 v - a potion of attraction {unknown}


   Skills:
 + Level 3.9 Fighting
 - Level 2.4 Dodging
 + Level 6.5 Shields
 * Level 9.4 Unarmed Combat


You had 8 spell levels left.
You didn't know any spells.
Your spell library contained the following spells:

 Spells                   Type           Power      Damage    Failure   Level
 Frozen Ramparts          Ice            0%         1d1       95%         3
 Tukima's Dance           Hex            0%         N/A       95%         3
 Dimensional Bullseye     Hex/Tloc       0%         N/A       100%        4
 Iskenderun's Mystic Bla  Conj/Tloc      0%         2d3       100%        4
 Leda's Liquefaction      Alch/Erth      0%         N/A       100%        4
 Petrify                  Alch/Erth      0%         N/A       100%        4
 Metabolic Englaciation   Hex/Ice        0%         N/A       100%        5
 Summon Forest            Summ/Tloc      0%         N/A       100%        5
 Summon Mana Viper        Hex/Summ       0%         N/A       100%        5
 Sculpt Simulacrum        Ice/Alch       0%         N/A       100%        6
 Summon Cactus Giant      Summ           0%         N/A       100%        6
 Ozocubu's Refrigeration  Ice            0%         4d7       100%        7
 Polar Vortex             Ice            0%         N/A       100%        9


Dungeon Overview and Level Annotations

Branches:
Dungeon (6/15)            Ossuary (visited)
 Temple: D:4-7

Altars:
Elyvilon
Gozag
Hepliaklqana

Shops:
D:2 ([:   D:3 (

Annotations:
D:5 Maggie


Innate Abilities, Weirdness & Mutations

You are too large for most types of armour.
You have claws for hands.
Your natural rate of healing is unusually fast.
You are covered in fur. (AC +1)
You have tough skin. (AC +1)
You are partially covered in iridescent scales. (AC +2)
Your muscles are strong. (Str +4, Int/Dex -1)


Message History

The scorpion poisons you! The jelly hits you.
* * * LOW HITPOINT WARNING * * *
You are splashed with acid!
* * * LOW HITPOINT WARNING * * *
You block Maggie's attack.
You claw Maggie!
Maggie is severely wounded.
* * * LOW HITPOINT WARNING * * *
You feel very sick. You block the scorpion's attack.
Unknown command.
You feel much better.
You feel very sick. You block the jelly's attack. You block Maggie's attack.
The scorpion stings you.
* * * LOW HITPOINT WARNING * * *
Unknown command.
You claw Maggie!
Maggie is almost dead.
You feel sick. You block the scorpion's attack. You block the jelly's attack.
Maggie casts a spell.
Maggie attempts to bespell you! You resist with some effort.
Unknown command.
You barely miss Maggie.
Maggie is almost dead.
You feel sick. You block the scorpion's attack. The jelly barely misses you.
Maggie mumbles some strange words.
Maggie attempts to bespell you!
You are mesmerised by Maggie!
The scorpion stings you.
* * * LOW HITPOINT WARNING * * *
You closely miss Maggie.
Maggie is almost dead.
You feel sick. The jelly hits you.
* * * LOW HITPOINT WARNING * * *
You are splashed with acid.
* * * LOW HITPOINT WARNING * * *
Maggie casts a spell at you. The bolt of fire hits you!!
You die...

....#..#.........##.§.§.§..#.....
...#......#......#..##.#...#..†..
...##.##..#.....#...###....#.....
.<.#####........##.## #....§.#.##
..............[)...####.#.######
..............[......#..#...#
..#####...............#.....# ..#
#..........s....#.....#
.#######........@@........)#####
.###.............J#.##....###..#
÷.#..................#.....#...#
..................#...###.....##
.##.......<.....#.#....#......#
##.......................###<##
.................##......# ###
.#.....##........######.##
.#.#########.<..## ###


You could see Maggie (mesmerising), a scorpion and a jelly.

Vanquished Creatures
  A steam dragon (D:5)
  An ogre (D:4)
  3 phantoms (D:5)
  A wyvern zombie (D:5)
  4 scorpions
  A howler monkey (D:6)
  2 jellies
  A centaur zombie (D:5)
  5 bullfrog zombies
  3 orc priests
  2 hounds (D:5)
  2 iguanas (D:5)
  A sleepcap (D:4)
  7 mummies (Ossuary)
  9 orc wizards
  A bullfrog skeleton (D:5)
  A scorpion zombie (D:5)
  A killer bee zombie (D:5)
  4 crocodile zombies (Ossuary)
  2 hound zombies
  A howler monkey zombie (Ossuary)
  5 adders
  A white imp (D:6)
  8 dart slugs
  A ribbon worm (D:3)
  21 orcs
  8 ball pythons
  7 endoplasms
  4 giant cockroaches
  4 goblins
  9 hobgoblins
  6 jackals
  3 quokkas
  2 ball python zombies (Ossuary)
  3 bats
  5 frilled lizards
  6 kobolds
  4 rats
150 creatures vanquished.

Notes
Turn   | Place    | Note
-------+----------+-------------------------------------------
     0 | D:1      | solopath the Troll Fighter began the quest for the Orb.
     0 | D:1      | Reached XP level 1. HP: 22/22 MP: 0/0
    78 | D:1      | Reached XP level 2. HP: 29/29 MP: 1/1
   214 | D:1      | Reached skill level 3 in Unarmed Combat
   368 | D:1      | Reached XP level 3. HP: 36/36 MP: 2/2
   805 | D:2      | Found Voaqidoy's Book Shop.
   878 | D:2      | Reached XP level 4. HP: 41/44 MP: 3/3
   985 | D:2      | Found a white marble altar of Elyvilon.
   997 | D:2      | Found Hanes's Weapon Shoppe.
  1114 | D:2      | Found Fenyxoqi's Antique Armour Shop.
  1396 | D:3      | Reached skill level 4 in Unarmed Combat
  1445 | D:3      | Found an opulent altar of Gozag.
  1590 | D:3      | Reached XP level 5. HP: 42/50 MP: 4/4
  1618 | D:3      | Found Zioviun's Antique Weapon Shop.
  1722 | D:3      | Found a hazy altar of Hepliaklqana.
  1861 | D:4      | Reached skill level 5 in Unarmed Combat
  1958 | D:4      | Reached XP level 6. HP: 59/59 MP: 5/5
  2002 | D:4      | Found a sand-covered staircase.
  2014 | Ossuary  | Entered an ossuary
  2055 | Ossuary  | Reached skill level 6 in Unarmed Combat
  2132 | Ossuary  | Reached XP level 7. HP: 41/66 MP: 6/6
  2204 | Ossuary  | Reached skill level 5 in Shields
  2249 | Ossuary  | Reached skill level 7 in Unarmed Combat
  2356 | D:4      | Gained mutation: You are partially covered in iridescent
                  | scales. (AC +2) [potion of mutation]
  2356 | D:4      | Gained mutation: Your muscles are strong. (Str +4, Int/Dex
                  | -1) [potion of mutation]
  2530 | D:4      | Identified the +2 pair of gloves of the Prince of Darkness
                  | {Will+ Str+4 Slay+2}
  2785 | D:5      | Entered Level 5 of the Dungeon
  2857 | D:5      | Reached XP level 8. HP: 51/74 MP: 7/7
  2937 | D:5      | Reached skill level 8 in Unarmed Combat
  3258 | D:5      | Reached skill level 9 in Unarmed Combat
  3397 | D:5      | Reached XP level 9. HP: 20/84 MP: 8/8
  3483 | D:6      | Noticed Maggie
  3495 | D:5      | HP: 3/84 [poisoned by a scorpion]
  3499 | D:5      | Killed from afar by Maggie

Illustrated notes

Levels and vault maps discovered:
D:1:      saegor_arrival_under_anarchy, layout_basic
D:2:      cheibrodos_helix_gallery, layout_basic, basic_altar, serial_shops,
          shop, nicolae_shop_tiny_glass, nicolae_shop_bloodbath_and_beyond
D:3:      layout_rooms, mainiacjoe_overflow_cross_hatched,
          grunt_gozag_breadcrumbs, serial_shops, shop,
          hangedman_abyss_or_decor_lesser_grid, minivault_24, minivault_4
D:4:      layout_gridville, lightli_ossuary_entry_decrepit_ruins,
          minmay_misc_feat_rugged
D:5:      layout_cave_pools, serial_undead, serial_undead_f, serial_undead_f,
          serial_undead_f, serial_undead_a, serial_undead_e, serial_undead_e
D:6:      cheibrodos_fzero, layout_rooms, mainiacjoe_overflow_large_starburst,
          minmay_temple_entry_statues_fountains,
          serial_library_hellmonk_layered_room, uniq_maggie

Skill      XL: |  1  2  3  4  5  6  7  8 |
---------------+-------------------------+-----
Shields        | 3 4 5 6 |  6.5
Unarmed Combat | 3 4 5 6 7 9 |  9.4
Fighting       | 3 |  3.9
Dodging        | |  2.4

Action                     |  1- 3 |  4- 6 |  7- 9 || total
---------------------------+-------+-------+-------++-------
  Melee: Unarmed           |    90 |   151 |   204 ||   445
  Throw: Dart              |       |     1 |       ||     1
    Use: Scroll            |       |    10 |     4 ||    14
         Potion            |       |     1 |     3 ||     4
 Armour: Robe              |    48 |    86 |   128 ||   262
  Dodge: Dodged            |    20 |    48 |    63 ||   131
  Block: Kite shield       |    28 |    44 |   103 ||   175
